 Dungeon Crawl Stone Soup version 0.18-a0-1426-g3b9a63c (webtiles) character file.

28192 namelastname112 the Grappler (level 13, -3/122 HPs)
             Began as a Green Draconian Wanderer on Feb 27, 2016.
             Was a High Priest of Okawaru.
             Shot with an arrow by a centaur warrior (21 damage)
             ... on level 14 of the Dungeon.
             The game lasted 00:38:07 (18755 turns).

namelastname112 the Grappler (DrWn)                Turns: 18755, Time: 00:38:08

Health: -3/122     AC: 12    Str: 32    XL:     13   Next: 8%
Magic:  25/31      EV: 17    Int: 12    God:    Okawaru [*****.]
Gold:   1085       SH:  0    Dex: 18    Spells: 1 memorised, 22 levels left

rFire  + . .     SeeInvis .       - Unarmed
rCold  . . .     Gourm    +     (armour unavailable)
rNeg   . . .     Faith    .     (no shield)
rPois  +         Spirit   .     (helmet restricted)
rElec  .         Dismiss  .     z - +0 cloak
rCorr  +         Reflect  .     K - +1 pair of gloves of the Alphagorgon {Regen+ rCorr MP+9}
SustAt .         Harm     .     T - +0 pair of boots "Boapyukkuss" {+Blink}
MR     .....     Rnd*Rage +     J - amulet of the gourmand
Stlth  ++........               P - ring of protection from fire (curse)
                                N - +5 ring of strength

@: lethally poisoned (-3 -> -3), exhausted, immense fortitude, slowed, drained,
very slow, not resistant to hostile enchantments, unstealthy
A: breathe noxious fumes, unfitting armour, talons 1, agile 1, berserk 2, clever
1, low mp 1, sense surroundings 1, poison resistance, robust 1, cold-blooded, AC
+8
a: Breathe Noxious Fumes, Heroism, Finesse, Renounce Religion, Evoke Blink


You were on level 14 of the Dungeon.
You worshipped Okawaru.
Okawaru was extremely pleased with you.
You were not hungry.

You visited 2 branches of the dungeon, and saw 15 of its levels.

You collected 1205 gold pieces.
You spent 120 gold pieces at shops.

Inventory:

Hand Weapons
 a - a +0 blowgun
Missiles
 Q - 7 curare-tipped needles
Armour
 k - the +2 pair of gloves of Wysew {rN+++ MR+ Dex-2 SInv}
   (You found it on level 7 of the Dungeon)

   It affects your dexterity (-2).
   It renders you almost immune to negative energy.
   It affects your resistance to hostile enchantments.
   It lets you see invisible.
 z - a +0 cloak (worn)
 K - the +1 pair of gloves of the Alphagorgon (worn) {Regen+ rCorr MP+9}
   (You acquired it on level 9 of the Dungeon)

   It affects your magic capacity (+9).
   It increases your rate of regeneration.
   It protects you from acid and corrosion.
 L - a +0 shield of poison resistance
 T - the +0 pair of boots "Boapyukkuss" (worn) {+Blink}
   (Okawaru gifted it to you on level 13 of the Dungeon)

   It lets you blink.
Rods
 V - a -1 rod of ignition (11/11)
   (You found it on level 13 of the Dungeon)
Jewellery
 J - an amulet of the gourmand (around neck)
 N - a +5 ring of strength (left hand)
 P - a cursed ring of protection from fire (right hand)
Wands
 g - a wand of iceblast (0/15)
 r - a wand of flame (26/48)
 s - a wand of lightning (4/15)
 y - a wand of lightning (2/15)
 A - a wand of slowing (28/48)
 D - a wand of heal wounds (0/9)
 F - a wand of iceblast (3/15)
 G - a wand of lightning (7/15)
 I - a wand of confusion (25/48)
 R - a wand of enslavement (12/24)
 U - a wand of digging (6/24)
Scrolls
 h - 3 scrolls of enchant weapon
 l - a scroll of teleportation
 q - 4 scrolls of identify
 u - 5 scrolls of amnesia
 v - a scroll of fog
 w - 2 scrolls of immolation
 C - 6 scrolls of remove curse
 E - 3 scrolls of magic mapping
 W - a scroll of fear
Potions
 c - 2 potions of curing
 e - 3 potions of magic
 f - 6 potions of agility
 j - 5 potions of flight
 m - a potion of resistance
 p - a potion of cancellation
 x - a potion of might
 M - 2 potions of lignification
 X - a potion of ambrosia
Books
 b - a book of Changes

   Spells                             Type                      Level
   a - Beastly Appendage              Transmutation                1
   b - Sticks to Snakes               Transmutation                2
   c - Spider Form                    Transmutation/Poison         3
   d - Ice Form                       Ice/Transmutation            4
   e - Blade Hands                    Transmutation                5
 i - a book of Necromancy

   Spells                             Type                      Level
   a - Pain                           Necromancy                   1
   b - Animate Skeleton               Necromancy                   1
   c - Vampiric Draining              Necromancy                   3
   d - Regeneration                   Charms/Necromancy            3
   e - Animate Dead                   Necromancy                   4
   f - Control Undead                 Necromancy                   4
 o - a book of Alchemy

   Spells                             Type                      Level
   a - Sublimation of Blood           Necromancy                   2
   b - Ignite Poison                  Fire/Transmutation/Poison    3
   c - Petrify                        Transmutation/Earth          4
   d - Alistair's Intoxication        Transmutation/Poison         5
   e - Irradiate                      Conjuration/Transmutation    5
 t - an Akashic Record

   Spells                             Type                      Level
   a - Dispersal                      Translocation                6
   b - Malign Gateway                 Summoning/Translocation      7
   c - Disjunction                    Translocation                8
   d - Controlled Blink               Translocation                8
 Y - a book of Conjurations

   Spells                             Type                      Level
   a - Magic Dart                     Conjuration                  1
   b - Searing Ray                    Conjuration                  2
   c - Dazzling Spray                 Conjuration/Hexes            3
   d - Fulminant Prism                Conjuration/Hexes            4
   e - Iskenderun's Mystic Blast      Conjuration                  4
   f - Iskenderun's Battlesphere      Conjuration/Charms           5
Miscellaneous
 H - a legendary deck of defence {drawn: 3}
Comestibles
 d - 12 bread rations
 n - 5 meat rations
 B - 10 fruits
 O - a royal jelly


   Skills:
 + Level 9.4(9.0) Fighting
 - Level 7.8(7.4) Maces & Flails
 + Level 7.3(6.9) Dodging
 - Level 3.5(3.1) Shields
 + Level 12.4(11.9) Unarmed Combat
 * Level 7.8(7.4) Spellcasting
 * Level 8.0(7.6) Transmutations
   Level 2.0(1.6) Air Magic
 - Level 4.0(3.6) Invocations
 - Level 1.0(0.6) Evocations


You had 22 spell levels left.
You knew the following spells:

 Your Spells              Type           Power        Failure   Level  Hunger
a - Blade Hands           Trmt           ###.......   24%         5    ######.


Dungeon Overview and Level Annotations

Branches:
Dungeon (14/15)            Temple (1/1) D:4            Lair (0/8) D:9
    Orc (0/2) D:9
 Vaults: D:13-14

Altars:
Ashenzari
Cheibriados
Dithmenos
Elyvilon
Fedhas
Gozag
Kikubaaqudgha
Makhleb
Nemelex Xobeh
Okawaru
Pakellas
Qazlal
Ru
Sif Muna
Trog
Vehumet
Xom
Yredelemnul
Zin
The Shining One

Shops:
D:4 [   D:5 !=!   D:9 ?[   D:10 (


Innate Abilities, Weirdness & Mutations

You can breathe blasts of noxious fumes.
Your lurid green scales are hard (AC +8).
Your body does not fit into most forms of armour.
Your system is resistant to poisons.
You are cold-blooded and may be slowed by cold attacks.
You have sharp toenails.
You are agile. (Dex +2)
You often lose your temper in combat.
Your mind is acute. (Int +2)
Your magical capacity is low (-10% MP).
You passively map a small area around you.
You are robust (+10% HP).


Message History

Your surroundings suddenly seem different.
You feel sick.
A centaur warrior comes into view.
Evoke which item? (* to show all) (? for menu, Esc to quit)
You draw a card...
It is Fortitude.
You are filled with a great fortitude.
The centaur warrior shouts!
The centaur warrior wields a glowing shortbow.
The centaur warrior shoots an arrow.
The arrow hits you!
* * * LOW HITPOINT WARNING * * *
Drink which item? (? for menu, Esc to quit)
You feel much better.
You feel sick.
The centaur warrior shoots an arrow.
The arrow hits you!
* * * LOW HITPOINT WARNING * * *
The centaur warrior shoots an arrow.
The arrow hits you.
You have got your breath back.
You feel sick.
The centaur warrior shoots an arrow.
The arrow hits you!
* * * LOW HITPOINT WARNING * * *
The centaur warrior shoots an arrow.
The arrow hits you!!
You die...

#.##.### #..#....^.....#
#########.##...# #..#.#######..#
#...........##.####..#.# #..#
#.#######.#.......#..#.# #..#
..#### #.#..........#.## #...
####.## #)#.............### #..#
###.#.###.)))........#....# #...
...###.####)......)#....#.####...
###.#.## #....(@..c.#...........
####.## #########......########.
.....# ##.......##.##..# #.
####.# ##..≈...≈..####..# #.
###>###..≈.≈.≈.≈..###..# #<
#...##..≈...≈...≈..##..########.
#.###..≈.≈.≈.≈.≈.≈..##..........
#.##..≈...≈.♣.≈...≈..##..#######
#.#.)≈.≈.≈.≈.≈.≈.≈.≈..##.#######


You could see a centaur warrior.

Vanquished Creatures
  Josephine (D:13)
  A rakshasa (D:14)
  An ogre mage (D:11)
  Sonja (D:11)
  A deep elf knight (D:13)
  A skeletal warrior (D:13)
  4 unseen horrors (D:11)
  5 hill giants
  2 deep elf magi (D:13)
  The ghost of Foomius the Reanimator, a novice DsNe of Ashenzari (D:6)
  An orc sorcerer (D:14)
  3 cyclopes
  2 ugly things (D:11)
  A griffon (D:13)
  A gargoyle (D:11)
  A yaktaur (D:13)
  A freezing wraith (D:14)
  A kobold demonologist (D:13)
  4 trolls
  A wind drake (shapeshifter) (D:11)
  2 two-headed ogres
  Sigmund (D:4)
  A wyvern (D:11)
  5 wraiths
  A human (D:7)
  A steam dragon (D:11)
  12 yaks
  5 hippogriffs
  3 hungry ghosts
  A mottled dragon (D:11)
  2 soldier ants
  2 hell hounds (D:9)
  2 water moccasins
  4 black bears
  4 orc warriors
  An ice beast (D:5)
  2 sky beasts
  2 necrophages (D:7)
  A phantom (D:7)
  8 centaurs
  8 ogres
  An eye of draining (D:8)
  13 giant frogs
  16 big kobolds
  2 wyvern zombies
  A wyvern skeleton (D:13)
  2 water moccasin skeletons
  6 scorpions
  3 killer bees (D:12)
  4 jellies
  11 wights
  3 howler monkeys
  9 crimson imps
  5 human zombies (D:7)
  4 centaur zombies
  A quasit (D:10)
  2 centaur skeletons
  8 hounds
  7 orc priests
  12 orc wizards
  A gnoll shaman (D:8)
  9 worker ants
  2 iguanas
  6 sheep
  3 hound skeletons
  2 mummies (D:7)
  Robin (D:4)
  2 worker ant zombies
  13 adders
  4 gnolls (D:8)
  2 howler monkey skeletons
  3 shadow imps (D:7)
  3 oozes
  6 worms
  2 dart slugs
  13 giant geckos
  47 orcs
  13 giant cockroaches
  18 goblins
  16 hobgoblins
  5 jackals
  30 kobolds
  5 quokkas
  4 ball pythons
  17 bats
  A giant cockroach zombie (D:5)
  3 giant newts
  An orc skeleton (D:7)
  A quokka skeleton (D:5)
  3 quokka zombies
  6 rats
454 creatures vanquished.

Notes
Turn   | Place    | Note
--------------------------------------------------------------
     0 | D:1      | namelastname112 the Draconian Wanderer began the quest for the Orb.
     0 | D:1      | namelastname112 set off with: a +0 shield, a +0 mace, a potion of lignification, a bread ration
     0 | D:1      | Reached XP level 1. HP: 19/19 MP: 2/2
    93 | D:1      | Reached XP level 2. HP: 8/26 MP: 3/3
   390 | D:1      | Reached skill level 1 in Dodging
   685 | D:1      | Reached XP level 3. HP: 29/31 MP: 4/4
  1328 | D:2      | Reached XP level 4. HP: 16/40 MP: 5/5
  1573 | D:2      | Found a stormy altar of Qazlal.
  2137 | D:3      | Found a glowing golden altar of the Shining One.
  2202 | D:3      | Noticed an orc warrior
  2344 | D:3      | Killed an orc warrior
  2344 | D:3      | Reached XP level 5. HP: 25/46 MP: 6/6
  2958 | D:3      | Reached XP level 6. HP: 28/53 MP: 7/7
  3720 | D:3      | Found a bloodstained altar of Trog.
  3721 | D:3      | Found an iron altar of Okawaru.
  3890 | D:4      | Found Ostiesor's Armour Boutique.
  3899 | D:4      | Noticed Robin
  3927 | D:4      | Killed Robin
  4283 | D:4      | Found a staircase to the Ecumenical Temple.
  4341 | D:4      | Noticed Sigmund
  4352 | D:4      | Killed Sigmund
  4352 | D:4      | Reached skill level 5 in Maces & Flails
  4352 | D:4      | Your scales start taking on a lurid green colour.
  4352 | D:4      | Reached XP level 7. HP: 60/60 MP: 8/8
  4352 | D:4      | Gained mutation: Your system is resistant to poisons. [Green Draconian growth]
  4690 | D:4      | Reached skill level 5 in Fighting
  4864 | D:4      | You fall through a shaft!
  4864 | D:5      | Entered Level 5 of the Dungeon
  5023 | Temple   | Entered the Ecumenical Temple
  5138 | D:3      | Became a worshipper of Warmaster Okawaru
  5524 | D:5      | Reached skill level 1 in Invocations
  5782 | D:5      | Found Deustruma's Distillery.
  5792 | D:5      | Bought a potion of mutation for 27 gold pieces
  5792 | D:5      | Bought a potion of mutation for 27 gold pieces
  5792 | D:5      | Gained mutation: You tend to lose your temper in combat. [potion of mutation]
  5792 | D:5      | Gained mutation: You passively map a small area around you. [potion of mutation]
  5792 | D:5      | Gained mutation: You have sharp toenails. [potion of mutation]
  5793 | D:5      | Gained mutation: Your flesh is cold resistant. [potion of mutation]
  5793 | D:5      | Gained mutation: Scrolls take you a little longer to read. [potion of mutation]
  5806 | D:5      | Found Lecwouz's Jewellery Emporium.
  5897 | D:5      | Found Mainer's Distillery.
  5915 | D:5      | Bought a potion of mutation for 30 gold pieces
  5915 | D:5      | Bought a potion of curing for 36 gold pieces
  5915 | D:5      | Gained mutation: Your large and strong wings let you fly indefinitely. [potion of mutation]
  5956 | D:5      | Reached * piety under Okawaru
  5956 | D:5      | Reached XP level 8. HP: 62/69 MP: 9/9
  5996 | D:5      | Found a glowing golden altar of the Shining One.
  6906 | D:6      | Noticed Foomius's ghost (novice DsNe)
  6945 | D:6      | Killed Foomius's ghost
  6945 | D:6      | Reached ** piety under Okawaru
  6945 | D:6      | Reached XP level 9. HP: 67/78 MP: 11/11
  7603 | D:7      | Reached skill level 1 in Unarmed Combat
  7674 | D:7      | Reached skill level 2 in Unarmed Combat
  7762 | D:7      | Reached skill level 3 in Unarmed Combat
  8094 | D:7      | Reached skill level 4 in Unarmed Combat
  8282 | D:7      | Found a deep blue altar of Sif Muna.
  8352 | D:7      | Reached skill level 5 in Unarmed Combat
  8397 | D:7      | Reached *** piety under Okawaru
  8819 | D:7      | Reached skill level 6 in Unarmed Combat
  8824 | D:7      | Found an ancient bone altar of Kikubaaqudgha.
  9108 | D:7      | Reached skill level 7 in Unarmed Combat
  9556 | D:7      | Got a pair of bloodstained gloves
  9567 | D:7      | Identified the +2 pair of gloves of Wysew {rN+++ MR+ Dex-2 SInv} (You found it on level 7 of the Dungeon)
  9745 | D:8      | Reached XP level 10. HP: 59/84 MP: 13/13
  9751 | D:8      | Reached skill level 8 in Unarmed Combat
  9927 | D:8      | Reached **** piety under Okawaru
  9979 | D:8      | Reached skill level 9 in Unarmed Combat
 10265 | D:8      | Found an opulent altar of Gozag.
 11130 | D:8      | Reached skill level 10 in Unarmed Combat
 11336 | D:9      | Found a staircase to the Lair.
 11861 | D:9      | Found a burning altar of Makhleb.
 11868 | D:9      | Found Sules's Magic Scroll Boutique.
 12032 | D:9      | Found a staircase to the Orcish Mines.
 12043 | D:9      | Reached ***** piety under Okawaru
 12055 | D:9      | Found Haunisugg's Armour Emporium.
 12281 | D:9      | Reached skill level 11 in Unarmed Combat
 12649 | D:9      | Learned a level 5 spell: Blade Hands
 12661 | D:10     | Entered Level 10 of the Dungeon
 12701 | D:10     | Reached skill level 1 in Transmutations
 12720 | D:9      | Identified a scroll of acquirement
 12720 | D:9      | Got a pair of warped gloves
 12731 | D:9      | Identified the +1 pair of gloves of the Alphagorgon {Regen+ rCorr MP+9} (You acquired it on level 9 of the Dungeon)
 12832 | D:10     | Reached skill level 5 in Dodging
 12884 | D:10     | Noticed a hill giant
 12896 | D:10     | Killed a hill giant
 12920 | D:10     | Reached XP level 11. HP: 39/91 MP: 14/14
 13043 | D:10     | Found Apasue's Antique Weapon Emporium.
 13102 | D:10     | Gained mutation: You are robust (+10% HP). [mutagenic meat]
 13103 | D:10     | Gained mutation: You often lose your temper in combat. [mutagenic meat]
 13105 | D:10     | Gained mutation: Your mind is acute. (Int +2) [mutagenic meat]
 13106 | D:10     | Lost mutation: Your flesh is cold resistant. [mutagenic meat]
 13387 | D:10     | Noticed a hill giant
 13402 | D:10     | Killed a hill giant
 13495 | D:11     | Killed an unseen horror
 13495 | D:11     | Received a gift from Okawaru
 13589 | D:11     | Noticed Sonja
 13612 | D:11     | Killed Sonja
 13837 | D:11     | Noticed a hill giant
 13844 | D:11     | Found a white marble altar of Elyvilon.
 13846 | D:11     | Noticed an ogre mage
 13889 | D:11     | Killed a hill giant
 13909 | D:11     | Killed an ogre mage
 14086 | D:11     | Noticed a red ugly thing
 14116 | D:11     | Killed a red ugly thing
 14132 | D:11     | HP: 5/103 [something (4)]
 14133 | D:11     | HP: 2/103 [something (4)]
 14287 | D:11     | Reached skill level 5 in Spellcasting
 14476 | D:11     | Noticed a red ugly thing
 14502 | D:11     | Killed a red ugly thing
 14502 | D:11     | Reached skill level 5 in Transmutations
 14600 | D:11     | Lost mutation: Scrolls take you a little longer to read. [mutagenic meat]
 14601 | D:11     | Gained mutation: Your flesh is heat resistant. [mutagenic meat]
 14677 | D:11     | Reached XP level 12. HP: 95/111 MP: 20/20
 14994 | D:11     | Received a gift from Okawaru
 15016 | D:11     | Got a pitted eveningstar {god gift}
 15017 | D:11     | Identified the +5 eveningstar of Vengeance {speed, +Fly rF+ rC+ Dex+2} (Okawaru gifted it to you on level 11 of the Dungeon)
 15021 | D:11     | Gained mutation: You are agile. (Dex +2) [potion of beneficial mutation]
 15675 | D:12     | Reached skill level 12 in Unarmed Combat
 15902 | D:12     | Drew Focus: Str increased to 17, Int decreased to 10
 15904 | D:12     | Lost mutation: Your large and strong wings let you fly indefinitely. [helix card]
 16111 | D:12     | Lost mutation: Your flesh is heat resistant. [potion of mutation]
 16111 | D:12     | Gained mutation: Your magical capacity is low (-10% MP). [potion of mutation]
 16770 | D:13     | Found a snail-covered altar of Cheibriados.
 16770 | D:13     | Noticed Josephine
 16785 | D:13     | Killed Josephine
 16785 | D:13     | Received a gift from Okawaru
 16801 | D:13     | Got a pair of ichor-stained boots {god gift}
 16813 | D:13     | Identified the +0 pair of boots "Boapyukkuss" {+Blink} (Okawaru gifted it to you on level 13 of the Dungeon)
 17141 | D:13     | Noticed a centaur warrior
 17308 | D:13     | Reached ****** piety under Okawaru
 17528 | D:13     | Identified a -1 rod of ignition (11/11) (You found it on level 13 of the Dungeon)
 17977 | D:14     | Found a runed door.
 18120 | D:14     | Reached XP level 13. HP: 109/122 MP: 22/22
 18755 | D:14     | Shot with an arrow by a centaur warrior

Vault maps used:
D:1:      minmay_arrival_open_corners
D:2:      nicolae_overflow_hidden_temple
D:3:      gammafunk_temple_overflow_statue, lemuel_round_altar
D:4:      temple_statues, serial_shops, nicolae_shop_statue_plus, first_bread,
          uniq_sigmund, uniq_robin
D:5:      serial_shops, shop, nicolae_shop_statue_plus, shop, tso_altar
D:7:      kennysheep_mini, lemuel_mausoleum_altar_kikubaaqudgha, grunt_livestock
D:8:      minmay_opposing_rooms, nicolae_gozag_seed_capital, special_room,
          dk_vineyard_2
D:9:      lemuel_doored_altar, minmay_lair_entry_lava, orc_david_3,
          serial_shops, shop_scrolls
D:10:     serial_shops, shop_fountains
D:11:     hangedman_cross_cluster, uniq_sonja
D:13:     hangedman_vaults_entry_quadrant_bands, cheibriados_altar_1,
          uniq_josephine
D:14:     kennysheep_cluttered_room, lightli_church_of_beogh
Temple:   circular_temple_12

Skill      XL: |  1  2  3  4  5  6  7  8  9 10 11 12 13 |
---------------+----------------------------------------+-----
Dodging        | 1 2 3 4 5 6 7 |  7.3
Maces & Flails | 3 4 5 6 7 |  7.8
Fighting       | 4 5 6 8 9 |  9.4
Shields        | 2 3 |  3.5
Invocations    | 1 3 4 |  4.0
Unarmed Combat | 7 11 12 | 12.4
Transmutations | 1 5 7 8 |  8.0
Spellcasting   | 2 5 7 |  7.8
Air Magic      | |  2.0
Evocations     | |  1.0

Action                   |  1- 3 |  4- 6 |  7- 9 | 10-12 | 13-15 || total
-------------------------+-------+-------+-------+-------+-------++-------
Melee: Mace              |   137 |    77 |       |       |       ||   214
       Unarmed           |       |    32 |    18 |   647 |    43 ||   740
       Dire flail        |       |   183 |   379 |       |       ||   562
       Whip              |       |       |    52 |   421 |       ||   473
 Cast: Blade Hands       |       |       |       |       |     3 ||     3
Invok: Heroism           |       |       |       |     2 |       ||     2
 Abil: Breathe Noxious F |       |       |     4 |    22 |     1 ||    27
       Fly               |       |       |     1 |       |       ||     1
Evoke: Wand              |       |       |       |    19 |       ||    19
       Deck              |       |       |       |     6 |     1 ||     7
       Rod               |       |       |       |     1 |       ||     1
  Use: Scroll            |       |     7 |       |    23 |     2 ||    32
       Potion            |       |     3 |     7 |     8 |     1 ||    19
 Stab: Sleeping          |       |     1 |     3 |     2 |       ||     6
       Confused          |       |       |       |     6 |       ||     6
  Eat: Chunk             |     1 |    11 |     9 |    65 |       ||    86
       Pizza             |       |       |     1 |     1 |       ||     2
       Beef jerky        |       |       |     4 |       |       ||     4
       Fruit             |       |       |     3 |     4 |       ||     7
       Meat ration       |       |       |     2 |     1 |       ||     3
